 Dungeon Crawl Stone Soup version 0.25-a0-729-g14964f1db5 (console) character file.

Game seed: 10329926461968863025, levelgen mode: classic

172 Duffy the Shield-Bearer (level 5, -1/49 HPs)
             Began as a Naga Fighter on Apr 7, 2020.
             Killed from afar by an orc wizard (6 damage)
             ... with a puff of flame
             ... on level 3 of the Dungeon.
             The game lasted 00:02:32 (2730 turns).

Duffy the Shield-Bearer (Naga Fighter)              Turns: 2730, Time: 00:02:33

Health: -1/49      AC:  6    Str: 19    XL:     5   Next: 52%
Magic:  5/5        EV:  6    Int:  9    God:
Gold:   93         SH:  9    Dex: 10    Spells: 4/4 levels left

rFire    . . .     SeeInvis +   a - +0 war axe
rCold    . . .     Gourm    .   c - +0 kite shield
rNeg     . . .     Faith    .   j - +0 chain mail
rPois    +         Spirit   .   (no helmet)
rElec    .         Reflect  .   (no cloak)
rCorr    .         Harm     .   (no gloves)
MR       .....                  (no barding)
Stlth    ..........             (no amulet)
HPRegen  0.16/turn              i - +3 ring of evasion
MPRegen  0.09/turn              (no ring)

@: very slow
A: large, see invisible, deformed body, poison resistance, slowness 2, slow
metabolism 1, spit poison 1, AC +1
a: Spit Poison


You were on level 3 of the Dungeon.
You were not hungry.

You visited 1 branch of the dungeon, and saw 3 of its levels.

You collected 93 gold pieces.

Inventory:

Hand Weapons
 a - a +0 war axe (weapon)
Armour
 c - a +0 kite shield (worn)
 j - a +0 chain mail (worn)
Jewellery
 i - a +3 ring of evasion (left hand)
Scrolls
 b - a scroll of fog {unknown}
 e - a scroll of fear
 h - 2 scrolls of remove curse
 l - a scroll of teleportation
 n - a scroll of identify
Potions
 d - a potion of might
 g - a potion of brilliance
 k - a potion of curing {unknown}
 m - a potion of resistance {unknown}
Comestibles
 f - 2 rations


   Skills:
 - Level 3.0 Fighting
 + Level 3.4 Axes
 - Level 2.4 Armour
 * Level 4.3 Shields


You had 4 spell levels left.
You didn't know any spells.
Your spell library was empty.

Dungeon Overview and Level Annotations

Branches:
Dungeon (3/15)

Altars:
Uskayaw


Innate Abilities, Weirdness & Mutations

You cannot wear boots.
Your serpentine skin is tough. (AC +1)
You have supernaturally acute eyesight. (SInv)
Armour fits poorly on your strangely shaped body.
Your system is resistant to poisons. (rPois)
You cover ground very slowly.
You have a slow metabolism.
You can spit poison.


Message History

Aim: an orc wizard, wielding a +0 dagger and wearing a +0 robe (slightly transparent)
The splash of poison misses the orc wizard.
The splash of poison misses the orc.
The splash of poison hits the jackal.
The jackal is poisoned.
You kill the jackal!
You feel slightly more hungry. You block the orc wizard's attack.
You barely miss the orc wizard.
The orc wizard hits you but does no damage.
You closely miss the orc wizard. You block the orc wizard's attack.
The orc wizard hits you with a +0 dagger.
Okay, then.
You hit the orc wizard but do no damage.
You have got your breath back.
The orc wizard hits you but does no damage.
You closely miss the orc wizard.
The orc wizard hits you with a +0 dagger.
You completely miss the orc wizard.
The orc wizard gestures at you while chanting.
The puff of flame hits you.
You die...

)##......#.#
....###....# .#
...........# .##.
...........##...
..............#
..............# ####
..............# ...
#########...######.#
#....#%oo@.#
#..#.#.#####
#.).)..# ##))%###
#..... #..>.o..
#.....o..#
#........#
#........#


You could see an orc wizard (invisible) and an orc.

Vanquished Creatures
  An orc priest (D:3)
  An orc wizard (D:3)
  3 adders
  A dart slug (D:2)
  3 leopard geckos
  8 orcs (D:3)
  12 bats
  3 giant cockroaches
  6 goblins
  8 hobgoblins
  7 jackals
  3 quokkas (D:2)
  3 frilled lizards (D:2)
  7 kobolds
  10 rats
76 creatures vanquished.

Notes
Turn   | Place    | Note
-------+----------+-------------------------------------------
     0 | D:1      | Duffy the Naga Fighter began the quest for the Orb.
     0 | D:1      | Reached XP level 1. HP: 21/21 MP: 1/1
    40 | D:1      | Reached XP level 2. HP: 15/28 MP: 2/2
   275 | D:1      | Reached skill level 3 in Shields
   464 | D:1      | Reached XP level 3. HP: 21/34 MP: 3/3
  1814 | D:2      | Found a faded altar of an unknown god.
  2033 | D:2      | Reached XP level 4. HP: 30/42 MP: 4/4
  2225 | D:2      | Found a hide-covered altar of Uskayaw.
  2456 | D:3      | Reached skill level 4 in Shields
  2456 | D:3      | Reached XP level 5. HP: 19/49 MP: 5/5
  2730 | D:3      | Killed from afar by an orc wizard

Levels and vault maps discovered:
D:1:      co_arrival_square_in_a_square_in_a_square, layout_loops_corners
D:2:      layout_loops_cross, marbit_many_paths, chequers_ecumenical_altar_lobes
D:3:      layout_basic

Skill      XL: |  1  2  3  4 |
---------------+-------------+-----
Shields        | 3 4 |  4.3
Axes           | 3 |  3.4
Fighting       | |  3.0
Armour         | |  2.4

Action                   |  1- 3 |  4- 6 || total
-------------------------+-------+-------++-------
Melee: War axe           |   151 |    68 ||   219
 Abil: Spit Poison       |     3 |     2 ||     5
  Use: Scroll            |     5 |       ||     5
  Eat: Chunk             |     3 |     2 ||     5
Armor: Scale mail        |    86 |    34 ||   120
       Chain mail        |       |    22 ||    22
Dodge: Dodged            |    41 |    40 ||    81
Block: Kite shield       |   103 |    66 ||   169

Table legend:
 A = Non-vault XP
 B = Vault XP
 C = Vault XP percentage of total XP
 D = Non-vault monster count
 E = Vault monster count
 F = Vault count percentage of total count
                 A         B        C        D         E       F
            +---------+---------+-------+---------+---------+-------
      Total |     244 |       2 |   0.8 |      75 |       1 |   1.3
            +---------+---------+-------+---------+---------+-------
        D:1 |      48 |       0 |   0.0 |      28 |       0 |   0.0
        D:2 |      54 |       2 |   3.6 |      26 |       1 |   3.7
        D:3 |     142 |       0 |   0.0 |      21 |       0 |   0.0
            +---------+---------+-------+---------+---------+-------
